[Event "Titled Tuesday Blitz August 1 Early 2023"]
[White "Mmukka"]
[Black "Weishaeutel, Moritz"]
[BlackFideId "12967300"]
[WhiteElo "2478"]
[BlackElo "2644"]
[Result "1-0"]
[Round "6"]
[TimeControl "180+1"]
[Date "2023.08.01"]
[WhiteClock "0:00:42"]
[BlackClock "0:00:04"]
[Board "87"]

1. e4 e5 2. Nf3 Nf6 3. d4 Nxe4 4. Bd3 d5 5. Nxe5 Nd7 6. O-O Bd6 7. Nc3 Nxe5 8. dxe5 Bxe5 9. Nxe4 dxe4 10. Bxe4 Qh4 11. g3 Qxe4 12. Re1 Qc6 13. Rxe5+ Be6 14. c3 O-O 15. Be3 Bh3 16. f3 Rfe8 17. Rxe8+ Rxe8 18. Bf2 h5 19. Qd3 Re6 20. Rd1 Rf6 21. Qe4 Rxf3 22. Qxc6 bxc6 23. Bxa7 h4 24. Bf2 hxg3 25. Bxg3 f5 26. Bxc7 g5 27. a4 f4 28. a5 Re3 29. a6 Bc8 30. Rd8+ Kf7 31. Rxc8 f3 32. Kf2 Re2+ 33. Kxf3 Rxb2 34. a7 Rc2 35. Be5 Rxc3+ 36. Bxc3 1-0


[Site "https://www.chess.com"]

[Event "Titled Tuesday Blitz August 1 Early 2023"]
[White "Vantika Agrawal"]
[Black "Perske, Thore"]
[WhiteFideId "25050389"]
[BlackFideId "12902195"]
[WhiteElo "2640"]
[BlackElo "2475"]
[Result "1-0"]
[Round "6"]
[TimeControl "180+1"]
[Date "2023.08.01"]
[WhiteClock "0:00:05"]
[BlackClock "0:00:02"]
[Board "88"]

1. e4 e6 2. d4 d5 3. Nd2 c5 4. Ngf3 a6 5. exd5 exd5 6. Be2 Nf6 7. O-O Be7 8. dxc5 Bxc5 9. Nb3 Bb6 10. h3 O-O 11. c3 Nc6 12. Nbd4 Re8 13. Be3 Bc7 14. Re1 Ne4 15. Nxc6 bxc6 16. c4 Rb8 17. cxd5 cxd5 18. Bd4 Qd6 19. Bd3 Bd7 20. Rc1 Rb4 21. Bxe4 dxe4 22. Bc5 Qxd1 23. Rexd1 Rb7 24. Rxd7 Bh2+ 25. Nxh2 Rxd7 26. Be3 h6 27. Nf1 f5 28. Ng3 Rd5 29. Rc7 g5 30. Nh5 Re6 31. Kh2 Kf8 32. Bc5+ Kg8 33. Rg7+ Kh8 34. Bf8 f4 35. Rb7 Rf5 36. Bg7+ Kg8 37. Bc3 Rf7 38. Rb8+ Kh7 39. g4 fxg3+ 40. fxg3 g4 41. hxg4 e3 42. Rh8+ Kg6 43. Nf4+ Rxf4 44. gxf4 Kf7 45. f5 Re4 46. Kg3 e2 47. Be1 Kg7 48. Rc8 Kf6 49. Rc6+ Ke5 50. Re6+ 1-0


[Site "https://www.chess.com"]

[Event "Titled Tuesday Blitz August 1 Early 2023"]
[White "Kashtanov, Ruslan"]
[Black "Manukyan, Sargis A."]
[WhiteFideId "4124871"]
[BlackFideId "13303970"]
[WhiteElo "2474"]
[BlackElo "2636"]
[Result "0-1"]
[Round "6"]
[TimeControl "180+1"]
[Date "2023.08.01"]
[WhiteClock "0:00:00"]
[BlackClock "0:01:36"]
[Board "89"]

1. e4 c5 2. Nf3 d6 3. d4 cxd4 4. Nxd4 Nf6 5. Nc3 g6 6. Be3 Bg7 7. f3 O-O 8. Qd2 Nc6 9. Bc4 Bd7 10. O-O-O Rc8 11. Bb3 Nxd4 12. Bxd4 b5 13. e5 dxe5 14. Bxe5 Bc6 15. Qe3 Qe8 16. Qxa7 b4 17. Ne2 Ra8 18. Qe3 Ba4 19. Kb1 Bxb3 20. Qxb3 Qb5 21. Bxf6 Bxf6 22. Nc1 Rfc8 23. Rd5 Qc6 24. Rhd1 Kg7 25. Nd3 Qc7 26. h4 e6 27. Rc5 Qg3 28. Rxc8 Rxc8 29. h5 Qxg2 30. h6+ Kxh6 31. Nxb4 Kg7 32. a4 h5 33. a5 h4 34. Rd7 h3 35. Qxe6 Qf1+ 36. Ka2 Qc4+ 37. Qxc4 Rxc4 38. Kb3 Rd4 39. Nd5 h2 40. Nxf6 Rxd7 41. Nxd7 h1=Q 42. Kb4 Qxf3 43. Nc5 g5 44. a6 g4 45. c4 g3 46. a7 g2 0-1


[Site "https://www.chess.com"]

[Event "Titled Tuesday Blitz August 1 Early 2023"]
[White "Malek, Jan"]
[Black "chessmateto"]
[WhiteFideId "21864080"]
[WhiteElo "2633"]
[BlackElo "2475"]
[Result "1-0"]
[Round "6"]
[TimeControl "180+1"]
[Date "2023.08.01"]
[WhiteClock "0:00:11"]
[BlackClock "0:00:06"]
[Board "90"]

1. b3 e5 2. Bb2 Nc6 3. e3 d5 4. Bb5 Bd6 5. Nf3 Bg4 6. h3 Bxf3 7. Qxf3 Nf6 8. d3 O-O 9. Bxc6 bxc6 10. Nd2 Re8 11. O-O Qe7 12. e4 Ba3 13. Bxa3 Qxa3 14. Qe2 a5 15. Nf3 dxe4 16. dxe4 Qb4 17. Rfe1 a4 18. Rad1 axb3 19. cxb3 Ra3 20. Qc2 c5 21. Rc1 Ra5 22. Nd2 Rea8 23. a4 Re8 24. Nc4 Ra6 25. Red1 Nh5 26. Rd7 Nf4 27. Nxe5 f6 28. Ng4 Qxe4 29. Qxe4 Rxe4 30. Rxc5 h5 31. Ne3 Ne6 32. Rxh5 Rb6 33. Rb5 Rxb5 34. axb5 Rb4 35. Re7 Nc5 36. Rxc7 Nxb3 37. Nf5 Rxb5 38. Nxg7 Nd4 39. Ne8 f5 40. Nf6+ Kf8 41. h4 f4 42. Nh7+ Kg8 43. Ng5 Nf5 44. Rc8+ Kg7 45. Ne6+ Kf6 46. Nxf4 Nxh4 47. g3 Nf3+ 48. Kg2 Ne5 49. Rf8+ Kg7 50. Rf5 Rc5 51. Ne6+ Kg6 52. Rg5+ Kf6 53. Nxc5 Kxg5 54. f4+ Kf5 55. fxe5 Kxe5 56. Kf3 Kf5 57. Ne4 Ke6 58. g4 Kf7 59. g5 Kg6 60. Kg4 Kg7 61. Kf5 Kg8 62. g6 Kg7 63. Ng5 Kg8 64. Ne6 Kh8 65. Kf6 Kg8 66. g7 1-0


[Site "https://www.chess.com"]

[Event "Titled Tuesday Blitz August 1 Early 2023"]
[White "Przybylski, Wojciech"]
[Black "Zeman, Matyas"]
[WhiteFideId "1117599"]
[BlackFideId "364398"]
[WhiteElo "2630"]
[BlackElo "2463"]
[Result "1-0"]
[Round "6"]
[TimeControl "180+1"]
[Date "2023.08.01"]
[WhiteClock "0:01:45"]
[BlackClock "0:00:08"]
[Board "91"]

1. d4 Nf6 2. c4 e6 3. Nf3 d5 4. Nc3 c5 5. cxd5 Nxd5 6. g3 cxd4 7. Nxd5 Qxd5 8. Qxd4 Qb5 9. Bg2 Nc6 10. Qe4 Qb4+ 11. Nd2 Qxe4 12. Bxe4 Bd7 13. e3 Rc8 14. a3 Be7 15. f4 O-O 16. Kf2 Rc7 17. Rd1 b5 18. Nb3 Rfc8 19. Bd2 Be8 20. Rac1 Nb8 21. Rxc7 Rxc7 22. Bc3 Nd7 23. Ba5 Rc4 24. Bd3 Ra4 25. Bxb5 1-0


[Site "https://www.chess.com"]

[Event "Titled Tuesday Blitz August 1 Early 2023"]
[White "Iskusnyh, Sergei"]
[Black "Rosh Jain"]
[WhiteFideId "4120027"]
[BlackFideId "25789465"]
[WhiteElo "2628"]
[BlackElo "2459"]
[Result "1-0"]
[Round "6"]
[TimeControl "180+1"]
[Date "2023.08.01"]
[WhiteClock "0:00:16"]
[BlackClock "0:00:00"]
[Board "92"]

1. d4 Nf6 2. c4 e6 3. g3 d5 4. Bg2 Be7 5. Nf3 dxc4 6. Qa4+ Bd7 7. Qxc4 Bc6 8. Nc3 O-O 9. O-O b6 10. Rd1 Bb7 11. Bf4 c6 12. Ne5 Nd5 13. Rac1 f6 14. Nxc6 Bxc6 15. Bxb8 Bb7 16. Bf4 Rc8 17. Qb3 Qd7 18. Nxd5 exd5 19. h4 Qe6 20. e4 Rxc1 21. Rxc1 Rd8 22. Rc7 Rd7 23. exd5 Qe1+ 24. Kh2 Rxc7 25. d6+ Kh8 26. dxc7 Qxf2 27. Qf3 Qxf3 28. Bxf3 Bc8 29. Bc6 Kg8 30. d5 Kf7 31. d6 Bxd6 32. Bxd6 Ke6 33. Bf4 h6 34. h5 Kf5 35. Bg2 g5 36. Bh3+ g4 37. Bg2 Ke6 38. Bxh6 f5 39. Bf4 Kf6 40. Bd5 a6 41. Kg1 b5 42. Kf2 a5 43. Ke3 b4 44. Kd4 a4 45. Kc5 b3 46. axb3 axb3 47. Kd6 Ba6 48. Be6 Bc8 49. Bxc8 Kf7 50. Bxf5 Kf6 51. c8=Q Kf7 52. Be6+ 1-0


[Site "https://www.chess.com"]

[Event "Titled Tuesday Blitz August 1 Early 2023"]
[White "Herman, Daniel"]
[Black "Mamedov, Edgar"]
[WhiteFideId "30935008"]
[BlackFideId "13739980"]
[WhiteElo "2443"]
[BlackElo "2622"]
[Result "0-1"]
[Round "6"]
[TimeControl "180+1"]
[Date "2023.08.01"]
[WhiteClock "0:00:06"]
[BlackClock "0:00:19"]
[Board "93"]

1. e4 c5 2. c3 Nc6 3. d4 cxd4 4. cxd4 d5 5. e5 Bf5 6. Nf3 e6 7. Nc3 Nge7 8. Bg5 h6 9. Bh4 a6 10. Be2 g5 11. Bg3 Qb6 12. Qd2 g4 13. Nh4 Qxd4 14. Qxd4 Nxd4 15. O-O b5 16. Nxf5 Nexf5 17. Bxg4 h5 18. Bxf5 Nxf5 19. Bf4 Rc8 20. Rac1 Rc4 21. g3 Rg8 22. Ne2 Kd7 23. f3 Bc5+ 24. Kg2 Be3 25. Rxc4 bxc4 26. Re1 Rb8 27. b3 cxb3 28. axb3 Rxb3 29. Bxe3 Nxe3+ 30. Kf2 Nf5 31. g4 hxg4 32. fxg4 Nh4 33. Nd4 Rd3 34. Nc2 Rh3 35. Re2 Rxh2+ 36. Ke3 Rxe2+ 37. Kxe2 Ng6 0-1


[Site "https://www.chess.com"]

[Event "Titled Tuesday Blitz August 1 Early 2023"]
[White "Ovetchkin, Roman"]
[Black "Manukian, Artak"]
[WhiteFideId "4119991"]
[BlackFideId "13301373"]
[WhiteElo "2621"]
[BlackElo "2447"]
[Result "1-0"]
[Round "6"]
[TimeControl "180+1"]
[Date "2023.08.01"]
[WhiteClock "0:00:17"]
[BlackClock "0:00:24"]
[Board "94"]

1. d4 Nf6 2. c4 g6 3. Nc3 Bg7 4. e4 O-O 5. Be2 d6 6. Be3 e5 7. d5 c5 8. g4 Ne8 9. h4 h6 10. h5 g5 11. a3 Nc7 12. b4 b6 13. f3 Bf6 14. Bd3 Bd7 15. Nge2 a5 16. bxc5 bxc5 17. Rb1 Nba6 18. Bc2 Rb8 19. Ba4 Rxb1 20. Qxb1 Qc8 21. Kf2 Qe8 22. Qc2 Bxa4 23. Qxa4 Qxa4 24. Nxa4 Rb8 25. Nec3 Bd8 26. Rb1 Rxb1 27. Nxb1 Na8 28. Nbc3 Nb6 29. Nb2 Nc7 30. Ke2 Kf8 31. Kd3 Ke8 32. Ne2 Be7 33. Bd2 a4 34. Ba5 Nca8 35. Nc3 Bd8 36. Bxb6 Nxb6 37. Ncxa4 Nxa4 38. Nxa4 Kd7 39. Nc3 Kc8 40. Kc2 Kb7 41. Kb3 Ka6 42. Nb5 Be7 43. Ka4 Kb6 44. Nc3 Bf8 45. Nd1 Ka6 46. Ne3 Kb6 47. Nf5 Ka6 48. Kb3 Ka5 49. Ka2 Ka4 50. Kb2 Ka5 51. Kb3 Kb6 52. Kc3 Ka5 53. Kd3 Ka4 54. f4 exf4 55. e5 dxe5 56. d6 Bxd6 57. Nxd6 Kxa3 58. Nxf7 f3 59. Nxe5 f2 60. Ke2 1-0


[Site "https://www.chess.com"]

[Event "Titled Tuesday Blitz August 1 Early 2023"]
[White "Pham, Le Thao Nguyen"]
[Black "Pandey Srishti"]
[WhiteFideId "12401226"]
[BlackFideId "35093290"]
[WhiteElo "2613"]
[BlackElo "2441"]
[Result "1-0"]
[Round "6"]
[TimeControl "180+1"]
[Date "2023.08.01"]
[WhiteClock "0:00:08"]
[BlackClock "0:00:13"]
[Board "95"]

1. d4 Nf6 2. c4 g6 3. Nf3 Bg7 4. Nc3 d6 5. e4 O-O 6. h3 e5 7. dxe5 dxe5 8. Qxd8 Rxd8 9. Bg5 c6 10. c5 h6 11. Be3 Be6 12. Be2 Nbd7 13. O-O Bf8 14. b4 b6 15. cxb6 axb6 16. a3 c5 17. bxc5 Nxc5 18. Nxe5 Nfxe4 19. Nxe4 Nxe4 20. Bxb6 Rdb8 21. Be3 Rxa3 22. Rxa3 Bxa3 23. Bxh6 Rb2 24. Bf3 Nd2 25. Rd1 Nxf3+ 26. Nxf3 Bc5 27. Be3 Bxe3 28. fxe3 Kg7 29. Rd2 Rb3 30. Kf2 Bc4 31. Ne5 Be6 32. Nc6 Ra3 33. Nd4 Bc4 34. h4 Ra2 35. Rxa2 Bxa2 36. Kf3 Bb1 37. Kf4 Kf6 38. g4 Kg7 39. g5 Ba2 40. Ke5 Bc4 41. Nf3 Ba2 42. Nd2 Be6 43. Ne4 Ba2 44. Kd6 Bb1 45. Nf6 Ba2 46. Ke7 Bb3 47. e4 Ba2 48. e5 Be6 49. Ne8+ Kg8 50. Nc7 Bf5 51. Kf6 Bb1 52. Ne8 Ba2 53. Ng7 Bb1 54. e6 fxe6 55. Nxe6 Kh7 56. Nf8+ Kg8 57. Nxg6 Bc2 58. Nf4 Be4 59. g6 Bb1 60. h5 Bc2 61. Ne6 Bd3 62. Ng5 Bc2 63. h6 Bxg6 64. Kxg6 Kh8 65. Nf7+ Kg8 66. h7+ 1-0


[Site "https://www.chess.com"]

[Event "Titled Tuesday Blitz August 1 Early 2023"]
[White "EsmeraldasAnderson03"]
[Black "Havlik, Jan"]
[BlackFideId "319783"]
[WhiteElo "2435"]
[BlackElo "2613"]
[Result "1-0"]
[Round "6"]
[TimeControl "180+1"]
[Date "2023.08.01"]
[WhiteClock "0:02:30"]
[BlackClock "0:02:27"]
[Board "96"]

1. d4 Nf6 2. Nf3 g6 3. Bf4 Bg7 4. h3 d6 5. e3 O-O 6. Bh2 c5 7. Be2 cxd4 8. exd4 Nc6 9. c3 Re8 10. O-O Bd7 11. Nbd2 e5 12. Nc4 exd4 13. Nxd6 Re6 14. cxd4 Qb6 15. Bc4 Rxd6 16. Bxd6 Qxb2 17. Rb1 Qc3 18. Qb3 Ne4 19. Bxf7+ 1-0


[Site "https://www.chess.com"]

[Event "Titled Tuesday Blitz August 1 Early 2023"]
[White "Ozates, Tuna"]
[Black "WindWhistler11"]
[WhiteFideId "6354521"]
[WhiteElo "2613"]
[BlackElo "2431"]
[Result "1-0"]
[Round "6"]
[TimeControl "180+1"]
[Date "2023.08.01"]
[WhiteClock "0:00:50"]
[BlackClock "0:00:15"]
[Board "97"]

1. e4 e6 2. d4 d5 3. Nc3 Bb4 4. exd5 exd5 5. Bd3 Ne7 6. Ne2 Nbc6 7. O-O Bf5 8. a3 Ba5 9. Bg5 f6 10. Bh4 Qd7 11. Bg3 Bb6 12. Na4 Nxd4 13. Nxd4 Bxd4 14. Bxf5 Nxf5 15. Re1+ Kf7 16. c3 Nxg3 17. Qxd4 Nf5 18. Qd3 b6 19. c4 Rad8 20. Nc3 d4 21. Nd5 c6 22. Nf4 c5 23. Ne6 Rde8 24. Qxf5 Rxe6 25. Rxe6 Qxe6 26. Qf3 Re8 27. h4 Qxc4 28. Qh5+ Kf8 29. Qxh7 d3 30. Rd1 d2 31. Qh8+ Kf7 32. Qh5+ Kf8 33. Qh8+ Kf7 34. Qh5+ g6 35. Qh7+ Kf8 36. Qh6+ Kf7 37. Rxd2 Qc1+ 38. Kh2 Re1 39. Qh7+ Ke6 40. Qd7+ Ke5 41. Qd5+ Kf4 42. g3+ Kg4 43. f3# 1-0


[Site "https://www.chess.com"]

[Event "Titled Tuesday Blitz August 1 Early 2023"]
[White "Jain Kashish Manoj"]
[Black "Bazilius, Augustinas"]
[WhiteFideId "35081098"]
[BlackFideId "12832251"]
[WhiteElo "2607"]
[BlackElo "2421"]
[Result "1-0"]
[Round "6"]
[TimeControl "180+1"]
[Date "2023.08.01"]
[WhiteClock "0:02:10"]
[BlackClock "0:01:30"]
[Board "98"]

1. e4 c5 2. Nf3 a6 3. c4 e6 4. Nc3 Qc7 5. Be2 Nf6 6. O-O Be7 7. b3 O-O 8. Bb2 d6 9. Re1 Nc6 10. d4 cxd4 11. Nxd4 b6 12. Nxc6 Qxc6 13. e5 dxe5 14. Bf3 e4 15. Nxe4 Nd5 16. cxd5 exd5 17. Nc3 Be6 18. Nxd5 1-0


[Site "https://www.chess.com"]

[Event "Titled Tuesday Blitz August 1 Early 2023"]
[White "Omorjan, Dejan"]
[Black "Begunov, Konstantin"]
[WhiteFideId "955345"]
[BlackFideId "4118510"]
[WhiteElo "2600"]
[BlackElo "2406"]
[Result "0-1"]
[Round "6"]
[TimeControl "180+1"]
[Date "2023.08.01"]
[WhiteClock "0:00:00"]
[BlackClock "0:00:11"]
[Board "99"]

1. d4 d5 2. Nf3 c6 3. c4 Nf6 4. Nc3 dxc4 5. a4 Bg4 6. Ne5 Bh5 7. f3 Nfd7 8. Nxc4 e5 9. Nxe5 Nxe5 10. dxe5 Nd7 11. e6 fxe6 12. e4 Bb4 13. Bc4 Qh4+ 14. Kf1 Ne5 15. Be2 O-O 16. Be3 Bxc3 17. bxc3 Qxe4 18. Bf2 Qd5 19. Bg3 Ng4 20. Qc1 Qc5 21. Ke1 Ne3 22. Bf1 Bg6 23. Bf2 Nc2+ 24. Qxc2 Qe5+ 25. Qe2 Qxc3+ 26. Qd2 Qxa1+ 27. Ke2 Rad8 28. Qb4 Qd1+ 0-1


[Site "https://www.chess.com"]

[Event "Titled Tuesday Blitz August 1 Early 2023"]
[White "Spichkin, Alexander"]
[Black "vishwa_vijeta"]
[WhiteFideId "4144074"]
[WhiteElo "2399"]
[BlackElo "2599"]
[Result "0-1"]
[Round "6"]
[TimeControl "180+1"]
[Date "2023.08.01"]
[WhiteClock "0:01:15"]
[BlackClock "0:00:49"]
[Board "100"]

1. f4 c5 2. Nf3 Nc6 3. d3 d5 4. e3 g6 5. Be2 Bg7 6. O-O e5 7. fxe5 Nxe5 8. d4 Nxf3+ 9. Bxf3 cxd4 10. exd4 Ne7 11. Nc3 O-O 12. Bg5 Be6 13. Re1 Re8 14. Kh1 Qd7 15. a4 Nc6 16. Be3 Rac8 17. Qd2 Ne7 18. Bh6 Bxh6 19. Qxh6 Nf5 20. Qd2 Rc4 21. Nb5 a6 22. b3 Rc6 23. Na3 Nh4 24. Qf4 Nxf3 25. Qxf3 Rec8 26. Re5 Rc3 27. Re3 Qc7 28. Rxc3 Qxc3 29. Qxc3 Rxc3 30. Rd1 Bf5 31. Rd2 Re3 32. Kg1 Re1+ 33. Kf2 Ra1 34. Nb5 axb5 35. axb5 Ra2 36. Ke3 Rxc2 37. Rxc2 Bxc2 38. b4 Ba4 39. b6 Kf8 40. Kf4 f6 41. g4 g5+ 42. Kg3 Ke7 43. h4 h6 44. hxg5 hxg5 45. Kf3 Bb5 46. Ke3 Kd6 0-1


[Site "https://www.chess.com"]

[Event "Titled Tuesday Blitz August 1 Early 2023"]
[White "Han, Yichen"]
[Black "Karamsetty, Jeevan"]
[WhiteFideId "1054430"]
[BlackFideId "2025337"]
[WhiteElo "2395"]
[BlackElo "2591"]
[Result "1/2-1/2"]
[Round "6"]
[TimeControl "180+1"]
[Date "2023.08.01"]
[WhiteClock "0:00:03"]
[BlackClock "0:00:05"]
[Board "101"]

1. d4 g6 2. e4 d6 3. Nc3 Bg7 4. Be3 Nf6 5. Nf3 O-O 6. Qd2 a6 7. Bh6 b5 8. a3 Bb7 9. Bd3 c5 10. dxc5 dxc5 11. e5 Nd5 12. Bxg7 Kxg7 13. h4 h5 14. O-O-O b4 15. axb4 Nxb4 16. Qe3 Qa5 17. e6 f6 18. Kb1 Nd5 19. Nxd5 Bxd5 20. c4 Bc6 21. Be4 Qb6 22. Rhe1 Ra7 23. Qc3 Rb7 24. Ng5 Bxe4+ 25. Nxe4 Nc6 26. Rd7 Nd4 27. Rxb7 Qxb7 28. Nxc5 Qb6 29. Qxd4 Rc8 30. Nb3 Qxb3 31. Qd7 Qxc4 32. Qxe7+ Kh6 33. Qa3 Qc2+ 34. Ka1 Rc4 35. Qf8+ Kh7 36. Qf7+ Kh6 37. Qf8+ Kh7 38. Qf7+ Kh6 39. Qf8+ 1/2-1/2


[Site "https://www.chess.com"]

[Event "Titled Tuesday Blitz August 1 Early 2023"]
[White "Guz, Ari"]
[Black "Li, Eric"]
[WhiteFideId "2825759"]
[BlackFideId "30939941"]
[WhiteElo "2582"]
[BlackElo "2391"]
[Result "1-0"]
[Round "6"]
[TimeControl "180+1"]
[Date "2023.08.01"]
[WhiteClock "0:01:08"]
[BlackClock "0:00:27"]
[Board "102"]

1. e4 e5 2. Nf3 Nc6 3. Bb5 a6 4. Ba4 Nf6 5. Nc3 b5 6. Bb3 Bc5 7. O-O d6 8. Nd5 O-O 9. d4 Nxd4 10. Nxd4 Bxd4 11. Bg5 Be6 12. Nxf6+ gxf6 13. Bh6 Kh8 14. Bxf8 Qxf8 15. c3 Bb6 16. Qf3 Qg7 17. h3 Rg8 18. Bxe6 fxe6 19. a4 bxa4 20. Rxa4 a5 21. Kh2 f5 22. g3 fxe4 23. Rxe4 d5 24. Rg4 Qf8 25. Rxg8+ Kxg8 26. Qg4+ Kf7 27. f4 e4 28. f5 e5 29. f6 Qg8 30. Qd7+ Kg6 31. f7 1-0


[Site "https://www.chess.com"]

[Event "Titled Tuesday Blitz August 1 Early 2023"]
[White "Nosacheva, Mariya"]
[Black "Kashlinskaya, Alina"]
[WhiteFideId "34111422"]
[BlackFideId "4198026"]
[WhiteElo "2387"]
[BlackElo "2580"]
[Result "1/2-1/2"]
[Round "6"]
[TimeControl "180+1"]
[Date "2023.08.01"]
[WhiteClock "0:00:24"]
[BlackClock "0:00:12"]
[Board "103"]

1. e4 c6 2. d4 d5 3. e5 Bf5 4. h4 h5 5. c4 e6 6. Nc3 Ne7 7. Nge2 dxc4 8. Ng3 Bg6 9. Bxc4 Nd7 10. Be2 Nb6 11. Nxh5 Nf5 12. Nf4 Rxh4 13. Rxh4 Qxh4 14. Nxg6 fxg6 15. g4 O-O-O 16. gxf5 Rxd4 17. Qc2 gxf5 18. Be3 Rd8 19. Rd1 Rxd1+ 20. Qxd1 f4 21. Bxb6 axb6 22. Bf3 Qg5 23. Qe2 Bc5 24. Ne4 Bb4+ 25. Nc3 Qg1+ 26. Kd2 Qa1 27. Kd3 Kc7 28. Kc4 Bxc3 29. bxc3 Qb1 30. Qd3 Qxa2+ 31. Kd4 Qxf2+ 32. Ke4 Qe1+ 33. Kxf4 Qh4+ 34. Bg4 Qf2+ 35. Kg5 b5 36. Qd6+ Kb6 37. Bxe6 Qe3+ 38. Kg6 Qxc3 39. Kxg7 b4 40. Qd8+ Kb5 41. Qd7 Qxe5+ 42. Kf7 b6 43. Qd3+ Ka5 44. Qc4 Qc7+ 45. Kf6 Qd8+ 46. Kf7 Qc7+ 47. Kf6 Qd6 48. Qa2+ Kb5 49. Qc4+ Ka4 50. Qb3+ Ka5 51. Qa2+ Kb5 52. Qc4+ Ka4 53. Qa2+ Kb5 1/2-1/2


[Site "https://www.chess.com"]

[Event "Titled Tuesday Blitz August 1 Early 2023"]
[White "Perez, Maximiliano"]
[Black "Topalov, Aleksandar"]
[WhiteFideId "117234"]
[BlackFideId "925659"]
[WhiteElo "2541"]
[BlackElo "2371"]
[Result "1-0"]
[Round "6"]
[TimeControl "180+1"]
[Date "2023.08.01"]
[WhiteClock "0:00:13"]
[BlackClock "0:00:32"]
[Board "104"]

1. e4 e6 2. d3 c5 3. g3 Nc6 4. Bg2 Be7 5. f4 d5 6. e5 Nh6 7. Nf3 Nf5 8. O-O h5 9. c3 g6 10. Na3 Kf8 11. Nc2 b5 12. Ne3 Nxe3 13. Bxe3 a5 14. d4 cxd4 15. cxd4 Ba6 16. h3 b4 17. Rf2 Rc8 18. g4 hxg4 19. hxg4 Bh4 20. Rc2 Ne7 21. Rxc8 Qxc8 22. Rc1 Qb7 23. Nxh4 Rxh4 24. Kf2 Kg7 25. Kg3 Rh8 26. Qa4 Bb5 27. Qxa5 Nc6 28. Rxc6 Bxc6 29. Qc5 Ra8 30. f5 exf5 31. gxf5 gxf5 32. Qd6 Qd7 33. Qf6+ Kf8 34. Qh8+ Ke7 35. Bg5+ f6 36. Qxf6+ Ke8 37. Bf3 Qf7 38. Qxc6+ 1-0


[Site "https://www.chess.com"]

[Event "Titled Tuesday Blitz August 1 Early 2023"]
[White "Klukin, Kirill"]
[Black "Garcia Almaguer, Juan Manuel"]
[WhiteFideId "24199273"]
[BlackFideId "5110491"]
[WhiteElo "2697"]
[BlackElo "2467"]
[Result "0-1"]
[Round "6"]
[TimeControl "180+1"]
[Date "2023.08.01"]
[WhiteClock "0:00:00"]
[BlackClock "0:00:15"]
[Board "105"]

1. f4 Nf6 2. Nf3 c5 3. g3 d5 4. Bg2 Nc6 5. O-O g6 6. d3 Bg7 7. Nc3 O-O 8. e4 dxe4 9. dxe4 Bg4 10. e5 Nd7 11. Be3 Qa5 12. h3 Bxf3 13. Qxf3 Rad8 14. Rad1 Nb6 15. Ne4 Nd4 16. Qf2 Nc4 17. c3 Nxe3 18. Qxe3 Ne6 19. a3 Qb5 20. Qf2 b6 21. h4 Qb3 22. Qe2 Nc7 23. h5 Rfe8 24. hxg6 hxg6 25. Ng5 Ne6 26. Ne4 Nc7 27. Bf3 Bh6 28. Nf2 Kg7 29. Ng4 Rh8 30. Be4 Ne6 31. Ne3 Rxd1 32. Rxd1 Bxf4 33. gxf4 Nxf4 34. Qf3 Nh3+ 35. Kf1 Ng5 36. Qg2 f6 37. exf6+ exf6 38. Bd5 Qb5+ 39. c4 Qe8 40. Re1 Qe5 41. Ng4 Qf5+ 42. Kg1 Nh3+ 43. Qxh3 Rxh3 44. Re7+ Kf8 45. Rf7+ Ke8 46. Nxf6+ Kd8 47. Rf8+ Kc7 48. Rf7+ Kd6 49. Ne4+ Ke5 50. Rxf5+ gxf5 51. Nc3 f4 52. Kg2 Rg3+ 53. Kf2 a6 54. Na4 Rg6 55. Nc3 Kd4 56. Ne2+ Ke5 57. Kf3 Rf6 58. Nc1 b5 59. Nd3+ Kd4 60. Nxf4 bxc4 61. Bg8 c3 62. bxc3+ Kxc3 63. Ke4 Rf8 64. Be6 Kb2 65. a4 Ka3 66. Bd7 Kb4 67. Nd5+ Ka5 68. Nc3 Rd8 69. Bc6 Kb4 70. Nd5+ Kc4 71. Ke5 Kb3 72. a5 c4 73. Bb7 c3 74. Nxc3 Kxc3 75. Bxa6 Kb4 76. Bb7 Kxa5 77. Bc6 Kb6 78. Bf3 Kc5 79. Kf6 Rd3 80. Bh5 Kd6 81. Kg7 Rg3+ 82. Kf8 Ke6 83. Bf7+ Kf6 84. Bd5 Rd3 85. Bf7 Rd8+ 86. Be8 Rb8 0-1


[Site "https://www.chess.com"]

[Event "Titled Tuesday Blitz August 1 Early 2023"]
[White "Dinu, Dumitru-Daniel"]
[Black "Timerkhanov, Alexander"]
[WhiteFideId "1208403"]
[BlackFideId "24177938"]
[WhiteElo "2466"]
[BlackElo "2637"]
[Result "1/2-1/2"]
[Round "6"]
[TimeControl "180+1"]
[Date "2023.08.01"]
[WhiteClock "0:00:04"]
[BlackClock "0:00:22"]
[Board "106"]

1. d4 d5 2. c4 dxc4 3. Nf3 Nf6 4. e3 Be6 5. Nc3 c6 6. a4 a5 7. Ne5 Na6 8. Bxc4 Bxc4 9. Nxc4 Nb4 10. O-O e6 11. e4 Be7 12. e5 Nfd5 13. Ne4 O-O 14. Ncd6 Bxd6 15. Nxd6 Qe7 16. Bd2 f6 17. Bxb4 axb4 18. Qb3 fxe5 19. dxe5 Rab8 20. Qh3 Nf4 21. Qg4 h5 22. Qf3 Qg5 23. Nc4 h4 24. h3 Rbd8 25. Rad1 Rd5 26. Ne3 Rxe5 27. Rd7 Nd5 28. Qg4 Qxg4 29. Nxg4 Re2 30. Rxb7 Rxb2 31. Rc1 Nc3 32. Re1 Ne2+ 33. Kf1 Nd4 34. f3 c5 35. Re5 Rc2 36. Rg5 Nf5 37. Nh6+ Kh7 38. Nxf5 Rxf5 39. Rbxg7+ Kh6 40. R7g6+ Kh7 41. Rg7+ Kh6 42. R7g6+ Kh7 43. Rg7+ 1/2-1/2


[Site "https://www.chess.com"]

[Event "Titled Tuesday Blitz August 1 Early 2023"]
[White "Gaal, Zsoka"]
[Black "Kvaloy, Aksel Bu"]
[WhiteFideId "777765"]
[BlackFideId "1528815"]
[WhiteElo "2464"]
[BlackElo "2634"]
[Result "1-0"]
[Round "6"]
[TimeControl "180+1"]
[Date "2023.08.01"]
[WhiteClock "0:00:14"]
[BlackClock "0:00:00"]
[Board "107"]

1. Nf3 f5 2. g3 d6 3. d4 Nf6 4. Bg2 g6 5. O-O Bg7 6. Nbd2 O-O 7. Re1 Nc6 8. e4 fxe4 9. Nxe4 Nxe4 10. Rxe4 Bf5 11. Re1 Bg4 12. c3 e5 13. Qb3+ Kh8 14. Ng5 Qd7 15. dxe5 Nxe5 16. h3 Nf3+ 17. Nxf3 Bxf3 18. Bxf3 Rxf3 19. Qe6 Qxe6 20. Rxe6 Raf8 21. Bf4 g5 22. Kg2 Rxf2+ 23. Kxf2 gxf4 24. gxf4 Rxf4+ 25. Ke3 Be5 26. Rg1 Rf8 27. Re7 Rc8 28. Rf1 Kg8 29. Rff7 c6 30. Rxb7 a5 31. Rxh7 Rf8 32. h4 a4 33. a3 Bf4+ 34. Ke4 Be5 35. h5 Rf4+ 36. Ke3 Rf8 37. h6 Re8 38. Kd3 Rf8 39. Rhd7 Kh8 40. Rdc7 c5 41. Rc6 Rf3+ 42. Ke4 Rf8 43. Rbc7 Rf4+ 44. Kd5 Rf6 45. h7 Rf8 46. Rc8 Rxc8 47. Rxc8+ Kxh7 48. Rd8 Kg6 49. Rxd6+ Kf5 50. Rc6 Kf4 51. Rxc5 Bg7 52. Rc4+ Ke3 53. Rxa4 Kd3 54. c4 Bxb2 55. c5 Kc3 56. c6 Kb3 57. Rb4+ Kxa3 58. Rxb2 Kxb2 59. c7 1-0


[Site "https://www.chess.com"]

[Event "Titled Tuesday Blitz August 1 Early 2023"]
[White "Ovchinnikov, Vsevolod"]
[Black "Fontaine, Quentin"]
[WhiteFideId "24176842"]
[BlackFideId "230804"]
[WhiteElo "2599"]
[BlackElo "2464"]
[Result "1-0"]
[Round "6"]
[TimeControl "180+1"]
[Date "2023.08.01"]
[WhiteClock "0:00:07"]
[BlackClock "0:00:13"]
[Board "108"]

1. d4 Nf6 2. c4 g6 3. Nc3 d5 4. Nf3 Bg7 5. Bg5 O-O 6. Bxf6 Bxf6 7. cxd5 c6 8. dxc6 Nxc6 9. e3 Qa5 10. Qa4 Qxa4 11. Nxa4 e5 12. dxe5 Nxe5 13. Nd4 Bd7 14. Nc3 Nc6 15. O-O-O Rac8 16. Ndb5 Be6 17. Kb1 Rfd8 18. Be2 a6 19. Nd6 Rc7 20. Nde4 Rxd1+ 21. Rxd1 Be7 22. Nd5 Bxd5 23. Rxd5 Kg7 24. a3 f5 25. Nc3 Bf6 26. Rd3 Ne7 27. Nd1 Be5 28. f4 Bf6 29. Bf3 b5 30. Nf2 a5 31. e4 fxe4 32. Nxe4 b4 33. axb4 axb4 34. Nxf6 Kxf6 35. Rd4 b3 36. Rb4 Nc6 37. Rc4 Re7 38. Rxc6+ Kf5 39. g3 Re1+ 40. Rc1 Re3 41. Bd1 Ke4 42. Rc3 Re1 43. Kc1 Rh1 44. h4 1-0


[Site "https://www.chess.com"]